 Dungeon Crawl Stone Soup version 0.19-a0-45-g2c295ea (webtiles) character file.

53753 M4edhros the Geomancer (level 14, -8/111 HPs)
             Began as an Octopode Artificer on May 5, 2016.
             Was the Champion of Okawaru.
             Mangled by a komodo dragon (20 damage)
             ... on level 8 of the Lair of Beasts.
             The game lasted 01:06:50 (30981 turns).

M4edhros the Geomancer (Octopode Artificer)        Turns: 30981, Time: 01:06:52

Health: -8/111     AC: 28    Str: 10 (11) XL:     14   Next: 69%
Magic:  14/20      EV: 16    Int: 12 (14) God:    Okawaru [******]
Gold:   1200       SH:  0    Dex: 16 (17) Spells: 1 memorised, 16 levels left

rFire  x . .     SeeInvis .       - Unarmed
rCold  + + .     Gourm    .     (no shield)
rNeg   + . .     Faith    +     (helmet restricted)
rPois  ∞         Spirit   .     d - amulet of faith
rElec  +         Dismiss  .     q - +5 ring of protection
rCorr  +         Reflect  .     v - ring of resist corrosion
SustAt .         Harm     .     G - ring of protection from magic
MR     +++..                    H - ring of ice
Stlth  ++++......               (no ring)
                                (no ring)
                                (no ring)
                                (no ring)

@: statue-form, very slow, extremely resistant to hostile enchantments, stealthy
A: almost no armour, amphibious, 8 rings, constrict 8, (yellow scales 0),
camouflage 1, cold resistance 1, deterioration 1, magic resistance 1,
(gelatinous body 0)
a: End Transformation, Heroism, Finesse, Renounce Religion


You were on level 8 of the Lair of Beasts.
You worshipped Okawaru.
Okawaru was exalted by your worship.
You were very hungry.
You were a stone statue.
You visited 2 branches of the dungeon, and saw 20 of its levels.
You also visited: Ossuary.

You collected 1200 gold pieces.

Inventory:

Hand Weapons
 a - a +2 rapier of venom
 A - a +4 blowgun
 C - a +1 eveningstar of protection
 N - a +6 greatsling of freezing
 X - the +7 hunting sling of the Warrior {flame, rF+}
   (Okawaru gifted it to you on level 8 of the Lair of Beasts)

   It causes projectiles fired from it to burn those they strike, causing extra
   injury to most foes and up to half again as much damage against particularly
   susceptible opponents.
   It protects you from fire.
Missiles
 n - 520 stones (quivered)
 o - 2 throwing nets
 p - 177 sling bullets
 W - 7 curare-tipped needles
Armour
 t - a +5 shield of positive energy
 S - a +0 shield
 U - a +6 large shield of protection
Jewellery
 d - an amulet of faith (around mantle)
 j - an uncursed amulet of dismissal
 q - a +5 ring of protection (left tentacle)
 v - a ring of resist corrosion (right tentacle)
 G - a ring of protection from magic (on tentacle)
 H - a ring of ice (on tentacle)
Wands
 b - a wand of flame (0/48)
 c - a wand of enslavement (0/24)
 y - a wand of slowing (2/48)
 z - a wand of flame (9/48)
 B - a wand of slowing (29/48)
 E - a wand of lightning (4/15)
 P - a wand of iceblast (0/15)
 Q - a wand of iceblast (0/15)
 Z - a wand of flame (18/48)
Scrolls
 e - 7 scrolls of identify
 l - 5 scrolls of remove curse
 s - 5 scrolls of amnesia
 u - a scroll of enchant weapon
 x - 3 scrolls of magic mapping
 K - 2 scrolls of fear
 M - a scroll of blinking
 V - 4 scrolls of noise
Potions
 h - a potion of experience {unknown}
 k - 3 potions of resistance
 w - a potion of might
 F - 3 potions of brilliance
 I - 2 potions of cancellation
 O - 4 potions of flight
 R - a potion of degeneration
 T - 3 potions of ambrosia
Books
 m - a book of Transfigurations

   Spells                             Type                      Level
   a - Irradiate                      Conjuration/Transmutation    5
   b - Statue Form                    Transmutation/Earth          6
   c - Hydra Form                     Transmutation                6
   d - Dragon Form                    Transmutation                7
 r - a book of Unlife

   Spells                             Type                      Level
   a - Recall                         Summoning/Translocation      3
   b - Animate Dead                   Necromancy                   4
   c - Control Undead                 Necromancy                   4
   d - Cigotuvi's Embrace             Necromancy                   5
   e - Death Channel                  Necromancy                   6
   f - Simulacrum                     Ice/Necromancy               6
 L - a book of the Tempests

   Spells                             Type                      Level
   a - Static Discharge               Conjuration/Air              3
   b - Lightning Bolt                 Conjuration/Air              5
   c - Fireball                       Conjuration/Fire             5
   d - Tornado                        Air                          9
   e - Shatter                        Earth                        9
 Y - a book of Callings

   Spells                             Type                      Level
   a - Summon Small Mammal            Summoning                    1
   b - Call Imp                       Summoning                    2
   c - Call Canine Familiar           Summoning                    3
   d - Summon Guardian Golem          Hexes/Summoning              3
   e - Summon Lightning Spire         Summoning/Air                4
   f - Summon Ice Beast               Ice/Summoning                4
Miscellaneous
 D - a box of beasts {used: 9}
Comestibles
 f - 14 bread rations
 g - 18 fruits
 i - 11 meat rations
 J - 7 chunks of flesh


   Skills:
 - Level 4.6 Fighting
 - Level 1.0 Short Blades
 - Level 9.1 Slings
 - Level 6.7 Dodging
 - Level 5.9 Stealth
 * Level 9.9 Shields
 - Level 4.5 Unarmed Combat
 - Level 4.5 Spellcasting
 - Level 12.4 Transmutations
 - Level 12.6 Earth Magic
 - Level 5.3 Invocations
 - Level 3.2 Evocations


You had 16 spell levels left.
You knew the following spells:

 Your Spells              Type           Power        Failure   Level  Hunger
a - Statue Form           Trmt/Erth      ####.....    21%         6    #######


Dungeon Overview and Level Annotations

Branches:
Dungeon (12/15)            Temple (0/1) D:7            Lair (8/8) D:11
  Swamp (0/4) Lair:6        Snake (0/4) Lair:5        Slime (0/6) Lair:6
    Orc (0/2) D:11

Altars:
Ashenzari
Cheibriados
Dithmenos
Elyvilon
Fedhas
Gozag
Kikubaaqudgha
Okawaru
Pakellas
Qazlal
Trog
Zin
The Shining One

Shops:
D:10 }[[

Annotations:
Lair:7 exclusion: oklob plant


Innate Abilities, Weirdness & Mutations

You cannot wear most types of armour.
You are amphibious.
You can wear up to eight rings at the same time.
You can use your tentacles to constrict eight enemies at once.
Your skin changes colour to match your surroundings (Stealth).
((Your rubbery body absorbs attacks (AC +1).))
((You are partially covered in yellow scales (AC +2).))
Your flesh is cold resistant.
Your body sometimes deteriorates upon taking damage.
You are resistant to hostile enchantments.


Message History

Okawaru accepts your kill.
You feel your dexterity returning.
You revert to your normal fleshy form.
k - 3 potions of resistance (gained 1)
You hear the rapid rumble of a very distant avalanche of rocks.
A komodo dragon comes into view.
Found a potion of heal wounds.
Casting: Statue Form
Confirm with . or Enter, or press ? or * to list all spells.
You turn into a living statue of rough stone.
You are feeling very hungry.
The komodo dragon bites you!!
* * * LOW HITPOINT WARNING * * *
Drink which item? (? for menu, Esc to quit)
Okay, then.
Evoke which item? (* to show all) (? for menu, Esc to quit)
You open the lid... ...and a larval stingox beast leaps out!
The komodo dragon bites you!!
You die...

#......P....P..##..##
#...........P.PP.##!....
........................
#..........#............
#.......................
#.........#.............
#.......................
.#.##............H......
.. #...........8.....P.
.......P....l.....PPP
.................PPPP
........#..###....PP.
..#...P...# #......
.......P. .#.#..
.....P.P. ...... ....PP
#....


You could see a komodo dragon and a friendly larval stingox beast.

Vanquished Creatures
  An orc warlord (D:11)
  Snorg (Lair:7)
  5 hydras
  3 death yaks (Lair:7)
  Urug (D:10)
  A hill giant (D:10)
  An ugly thing (D:11)
  2 griffons
  An oklob plant (D:11)
  4 slime creatures
  21 elephants
  A cyclops (D:11)
  A black mamba (Lair:5)
  12 spiny frogs
  7 rime drakes
  A torpor snail (Lair:4)
  5 komodo dragons
  2 trolls
  A two-headed ogre (D:9)
  2 polar bears
  20 blink frogs
  Grinder (D:5)
  2 boulder beetles (Lair:3)
  A shadow (D:11)
  A wraith (D:11)
  A basilisk (Lair:6)
  A vampire (D:11)
  Eustachio (D:6)
  54 yaks
  A steam dragon (D:10)
  10 hippogriffs
  2 hungry ghosts
  A naga (Lair:5)
  Edmund (D:4)
  11 porcupines
  12 water moccasins
  3 phantoms
  2 sky beasts
  5 ice beasts
  A slave (D:6)
  A wasp (D:10)
  An eye of draining (D:11)
  5 ogres
  4 centaurs
  10 wolves
  15 crocodiles
  2 big kobolds (D:11)
  16 giant frogs
  A wyvern skeleton (D:10)
  2 water moccasin skeletons
  4 scorpions
  4 killer bees (D:9)
  3 troll zombies (D:11)
  A spriggan skeleton (D:10)
  4 electric eels
  A howler monkey (D:3)
  A centaur zombie (D:8)
  A giant frog zombie (D:8)
  A crimson imp (D:10)
  4 hounds
  3 quasits
  3 jellies
  5 centaur skeletons
  6 orc priests
  A giant frog skeleton (D:10)
  8 iguanas
  Jessica (D:3)
  7 worker ants
  An orc wizard (D:6)
  29 sheep
  A killer bee zombie (D:7)
  4 ogre zombies (D:11)
  2 hound skeletons (D:6)
  9 gnolls
  7 adders
  71 river rats
  5 shadow imps
  2 oozes
  6 worms
  3 dart slugs
  8 giant geckos
  16 orcs
  6 bats
  9 giant cockroaches
  9 goblins
  9 hobgoblins
  12 jackals
  10 quokkas
  7 giant newts
  A gnoll skeleton (Ossuary)
  4 gnoll zombies (Ossuary)
  5 goblin skeletons
  6 goblin zombies
  3 hobgoblin skeletons
  3 hobgoblin zombies
  A jackal zombie (D:7)
  20 kobolds
  2 kobold skeletons (Ossuary)
  2 kobold zombies (Ossuary)
  6 orc skeletons
  16 orc zombies
  3 quokka skeletons
  17 rats
  A rat skeleton (Ossuary)
  3 rat zombies (Ossuary)
  A fungus (Lair:3)
  4 plants
643 creatures vanquished.

Vanquished Creatures (collateral kills)
  A hydra (Lair:5)
  The ghost of M4edhros the Martial Artist, a novice OpNe of Cheibriados (D:9)
  Pikel (D:6)
  2 elephants (Lair:6)
  A centaur (D:9)
  A crocodile (Lair:6)
  A worker ant (D:9)
  A ball python (D:4)
9 creatures vanquished.

Vanquished Creatures (others)
  A hungry ghost (D:11)
  Menkaure (Ossuary)
  A slave (D:7)
  A scorpion (D:7)
  A jelly (D:10)
  A worker ant (D:6)
  3 mummies (Ossuary)
  A gnoll (D:2)
  A gnoll zombie (Ossuary)
  5 goblin skeletons (Ossuary)
  2 hobgoblin skeletons (Ossuary)
  3 hobgoblin zombies (Ossuary)
  2 kobold skeletons (Ossuary)
  A kobold zombie (Ossuary)
  2 orc skeletons (Ossuary)
  2 orc zombies (Ossuary)
  2 rat zombies (Ossuary)
  26 fungi
  6 plants
62 creatures vanquished.

Grand Total: 714 creatures vanquished

Notes
Turn   | Place    | Note
--------------------------------------------------------------
     0 | D:1      | M4edhros the Octopode Artificer began the quest for the Orb.
     0 | D:1      | Reached XP level 1. HP: 13/13 MP: 3/3
   482 | D:1      | Reached XP level 2. HP: 14/18 MP: 4/4
  1010 | D:1      | Reached XP level 3. HP: 21/23 MP: 5/5
  1435 | D:2      | Reached skill level 5 in Stealth
  1441 | D:2      | Reached XP level 4. HP: 17/28 MP: 6/6
  1745 | D:2      | Found an iron altar of Okawaru.
  1748 | D:2      | Found a glowing golden altar of the Shining One.
  1800 | D:2      | Found an ancient bone altar of Kikubaaqudgha.
  1803 | D:2      | Became a worshipper of Warmaster Okawaru
  2000 | D:2      | Reached skill level 1 in Spellcasting
  2017 | D:2      | Found a glowing silver altar of Zin.
  2018 | D:2      | Found an oddly glowing altar of Pakellas.
  2095 | D:2      | Reached XP level 5. HP: 26/33 MP: 7/7
  2327 | D:2      | Reached skill level 1 in Slings
  2330 | D:2      | Found a blossoming altar of Fedhas.
  3215 | D:3      | Noticed Jessica
  3216 | D:3      | Noticed Sigmund
  3222 | D:3      | Noticed Sigmund
  3222 | D:3      | Sigmund changed into Sigmund the howler monkey
  3223 | D:3      | Killed Jessica
  3226 | D:3      | Killed Sigmund the howler monkey
  3226 | D:3      | Reached XP level 6. HP: 20/38 MP: 9/9
  3293 | D:3      | Reached * piety under Okawaru
  4232 | D:4      | Noticed Edmund
  4418 | D:4      | Killed Edmund
  4418 | D:4      | Reached XP level 7. HP: 43/43 MP: 11/11
  4944 | D:4      | Reached skill level 5 in Slings
  4975 | D:4      | Found an opulent altar of Gozag.
  5150 | D:4      | Reached ** piety under Okawaru
  5335 | D:5      | Entered Level 5 of the Dungeon
  5397 | D:5      | Noticed Grinder
  5399 | D:5      | Paralysed by Grinder for 6 turns
  5412 | D:5      | Killed Grinder
  5412 | D:5      | Reached XP level 8. HP: 31/48 MP: 12/14
  5607 | D:5      | Learned a level 6 spell: Statue Form
  6140 | D:6      | Found a snail-covered altar of Cheibriados.
  6158 | D:6      | Found a snail-covered altar of Cheibriados.
  6171 | D:6      | 2 chei altars lol
  6176 | D:6      | Reached skill level 1 in Transmutations
  6176 | D:6      | Reached skill level 1 in Earth Magic
  6180 | D:6      | Reached skill level 1 in Invocations
  6287 | D:6      | Found a sand-covered staircase.
  6295 | Ossuary  | Entered an ossuary
  6354 | Ossuary  | Reached *** piety under Okawaru
  6450 | Ossuary  | Killed Menkaure
  6823 | D:6      | Found a stormy altar of Qazlal.
  6861 | D:6      | Noticed Eustachio
  6879 | D:6      | Killed Eustachio
  6948 | D:6      | Noticed Pikel
  7072 | D:6      | Killed Pikel
  7072 | D:6      | Reached XP level 9. HP: 27/55 MP: 15/15
  7295 | D:6      | Reached **** piety under Okawaru
  8280 | D:7      | Found a staircase to the Ecumenical Temple.
  8850 | D:8      | Noticed a moth of wrath
  9114 | D:8      | Reached skill level 1 in Shields
  9169 | D:8      | Found a shattered altar of Ashenzari.
  9397 | D:8      | Found a shadowy altar of Dithmenos.
  9512 | D:8      | Found a bloodstained altar of Trog.
  9558 | D:8      | Got a polished flail
  9560 | D:8      | Identified the +10 flail of the Scorpion {crush, +Inv rF- rN+ MR+} (You found it on level 8 of the Dungeon)
  9924 | D:9      | Received a gift from Okawaru
  9935 | D:9      | Gained mutation: Your body sometimes deteriorates upon taking damage. [mutagenic meat]
  9936 | D:9      | Gained mutation: Your flesh is cold resistant. [mutagenic meat]
  9937 | D:9      | Gained mutation: You are somewhat resistant to further mutation. [mutagenic meat]
 10025 | D:9      | Lost mutation: You are somewhat resistant to further mutation. [potion of mutation]
 10030 | D:9      | Gained mutation: You are partially covered in yellow scales (AC +2). [potion of beneficial mutation]
 10061 | D:9      | Reached XP level 10. HP: 63/63 MP: 16/16
 10262 | D:9      | Noticed M4edhros's ghost (novice OpNe)
 10281 | D:9      | Killed M4edhros's ghost
 10807 | D:10     | Entered Level 10 of the Dungeon
 10807 | D:10     | Found Nub Udyl's Antique Armour Shoppe.
 10871 | D:10     | Found Oqur's Armour Boutique.
 10935 | D:10     | Noticed a hill giant
 10951 | D:10     | Killed a hill giant
 10951 | D:10     | Received a gift from Okawaru
 10951 | D:10     | Reached ***** piety under Okawaru
 11001 | D:10     | Reached skill level 5 in Earth Magic
 11022 | D:10     | Noticed Urug
 11040 | D:10     | Killed Urug
 11292 | D:10     | Reached skill level 5 in Transmutations
 11445 | D:10     | Reached skill level 5 in Dodging
 11493 | D:10     | Found Olosmipn's Gadget Boutique.
 11769 | D:10     | Received a gift from Okawaru
 11769 | D:10     | Reached XP level 11. HP: 63/69 MP: 17/17
 11857 | D:10     | Reached skill level 5 in Invocations
 12229 | D:11     | Found a staircase to the Lair.
 12229 | D:11     | Noticed an oklob plant
 12281 | D:11     | Found a staircase to the Orcish Mines.
 12520 | D:11     | Reached skill level 5 in Shields
 12836 | D:11     | Received a gift from Okawaru
 12963 | D:11     | Noticed a purple ugly thing
 13605 | D:11     | Killed a purple ugly thing
 13764 | D:11     | Found a shadowy altar of Dithmenos.
 13766 | D:11     | Noticed a cyclops
 14243 | D:11     | Killed a cyclops
 14361 | D:11     | Noticed an orc warlord
 14435 | D:11     | Killed an orc warlord
 14984 | D:11     | Noticed a hill giant
 15536 | D:11     | Killed an oklob plant
 15544 | Lair:1   | Entered Level 1 of the Lair of Beasts
 15596 | Lair:1   | Got a smoking morningstar
 15597 | Lair:1   | Identified the cursed +0 morningstar "Suash" {crush, *Confuse rC++ MP+9 Int+3} (You found it on level 1 of the Lair of Beasts)
 15692 | Lair:1   | Reached XP level 12. HP: 75/75 MP: 18/18
 15999 | Lair:1   | Received a gift from Okawaru
 20623 | Lair:3   | Received a gift from Okawaru
 20903 | Lair:3   | Reached XP level 13. HP: 43/81 MP: 17/19
 21274 | Lair:3   | Reached skill level 10 in Earth Magic
 21295 | Lair:3   | Reached skill level 10 in Transmutations
 22876 | Lair:4   | Received a gift from Okawaru
 24860 | Lair:5   | Found a staircase to the Snake Pit.
 25000 | Lair:6   | Found a staircase to the Slime Pits.
 25317 | Lair:6   | Reached skill level 1 in Unarmed Combat
 25318 | Lair:6   | Found a staircase to the Swamp.
 25466 | Lair:6   | Gained mutation: You are resistant to hostile enchantments. [potion of beneficial mutation]
 25693 | Lair:6   | Received a gift from Okawaru
 25962 | Lair:5   | Reached ****** piety under Okawaru
 27567 | Lair:6   | Reached XP level 14. HP: 86/86 MP: 20/20
 27841 | Lair:6   | Received a gift from Okawaru
 28665 | Lair:7   | Noticed Snorg
 28779 | Lair:7   | Killed Snorg
 29032 | Lair:7   | Found a white marble altar of Elyvilon.
 29059 | Lair:6   | HP: 2/86 [elephant (16)]
 29387 | Lair:7   | Received a gift from Okawaru
 30448 | Lair:8   | Entered Level 8 of the Lair of Beasts
 30493 | Lair:8   | Received a gift from Okawaru
 30593 | Lair:8   | Identified a scroll of acquirement
 30681 | Lair:8   | Received a gift from Okawaru
 30733 | Lair:8   | Got a faintly glowing hunting sling {god gift}
 30734 | Lair:8   | Identified the +7 hunting sling of the Warrior {flame, rF+} (Okawaru gifted it to you on level 8 of the Lair of Beasts)
 30981 | Lair:8   | Mangled by a komodo dragon

Vault maps used:
D:1:      dpeg_arrival_connections, lexackson_kobold_supper
D:2:      gammafunk_temple_overflow_statue, grunt_temple_overflow_open,
          fedhas_altar_1
D:3:      first_bread, grunt_ministairs_5, uniq_jessica, uniq_sigmund
D:4:      grunt_gozag_statues, uniq_edmund
D:5:      uniq_grinder
D:6:      cheibriados_altar_1, nicolae_ossuary_entry_plus,
          hangedman_feature_mirror, uniq_pikel, uniq_eustachio
D:7:      temple_hall_moat, corner_web_ring
D:8:      lemuel_crystal_altar, lemuel_crystal_altar, tgw_trog
D:10:     serial_shops, shop, shop, shop, hangedman_tell_no_tales,
          corexii_corridor_pit, uniq_urug
D:11:     dpeg_oklobed_lair, zombieorc2_lemuel, basic_altar
D:12:     uniq_fannar
Lair:3:   boulder_dual_corridor_run, serial_bayou, serial_bayou_pond_a,
          serial_bayou_shore_b, serial_bayou_pond_d, serial_bayou_pond_c,
          st_stairs_13, grunt_forest_stairs_basic
Lair:4:   nicolae_quartered_pool_little, infiniplex_staircase_pool
Lair:5:   guppyfry_snake_entry_island, grunt_megastairs_1
Lair:6:   minmay_swamp_entry_reptiles, minmay_slime_entry_pillars
Lair:7:   st_stairs_3, lemuel_oklob_altar, uniq_snorg
Lair:8:   due_jungle_book, enter_volcano_1, grunt_forest_small_clearing_treed,
          grunt_megastairs_5
Ossuary:  ossuary_due_pyramid

Skill      XL: |  1  2  3  4  5  6  7  8  9 10 11 12 13 14 |
---------------+-------------------------------------------+-----
Stealth        | 2 4 5 |  5.9
Spellcasting   | 1 2 3 4 |  4.5
Slings         | 2 4 6 7 8 9 |  9.1
Transmutations | 2 3 5 7 9 11 12 | 12.4
Earth Magic    | 2 4 5 7 9 11 12 | 12.6
Invocations    | 2 3 4 5 |  5.3
Fighting       | 2 3 4 |  4.6
Dodging        | 3 4 5 6 |  6.7
Shields        | 2 4 6 8 9 |  9.9
Unarmed Combat | 4 |  4.5
Short Blades   | |  1.0
Evocations     | |  3.2

Action                   |  1- 3 |  4- 6 |  7- 9 | 10-12 | 13-15 || total
-------------------------+-------+-------+-------+-------+-------++-------
Melee: Short sword       |    79 |    64 |   277 |     6 |       ||   426
       Tentacles         |    23 |    12 |    58 |   191 |   216 ||   500
       Constrict         |    21 |    19 |    78 |   107 |    90 ||   315
       Unarmed           |       |    13 |     8 |    12 |   200 ||   233
       Rapier            |       |       |    23 |   712 |   598 ||  1333
       Flail             |       |       |       |    74 |       ||    74
       Punch             |       |       |       |     8 |    21 ||    29
       Eveningstar       |       |       |       |       |    11 ||    11
 Fire: Hunting sling     |       |   172 |   113 |    82 |       ||   367
       Greatsling        |       |       |       |       |   322 ||   322
       Blowgun           |       |       |       |       |     8 ||     8
Throw: Stone             |       |       |       |       |     1 ||     1
 Cast: Statue Form       |       |       |       |       |     6 ||     6
Invok: Heroism           |       |       |       |    15 |    12 ||    27
       Finesse           |       |       |       |     1 |     1 ||     2
Evoke: Wand              |       |    18 |    39 |    30 |     3 ||    90
       Box of beasts     |       |       |       |       |     9 ||     9
  Use: Potion            |     1 |     4 |     8 |    14 |     9 ||    36
       Scroll            |       |     2 |     7 |    21 |    16 ||    46
 Stab: Sleeping          |     5 |     2 |    16 |    29 |    13 ||    65
       Distracted        |       |       |     2 |     4 |     3 ||     9
  Eat: Chunk             |       |    11 |    21 |    30 |    25 ||    87
       Royal jelly       |       |       |     1 |     4 |     2 ||     7
       Beef jerky        |       |       |     1 |     2 |     1 ||     4
       Meat ration       |       |       |       |     1 |       ||     1
       Pizza             |       |       |       |       |     3 ||     3
       Fruit             |       |       |       |       |     2 ||     2
Armor: Skin              |     7 |    37 |   122 |   149 |   309 ||   624
Dodge: Dodged            |    37 |    87 |   186 |   426 |   636 ||  1372
Block: Shield            |       |       |    29 |   476 |   658 ||  1163
